 Dungeon Crawl Stone Soup version 0.16.3-4-gc506b73efe (webtiles) character file.

202 BreadTh the Skirmisher (level 5, -6/55 HPs)
             Began as an Ogre Skald on Apr 29, 2022.
             Mangled by a giant frog (7 damage)
             ... in a sewer.
             The game lasted 00:11:49 (3232 turns).

BreadTh the Skirmisher (Ogre Skald)                 Turns: 3232, Time: 00:11:49

Health: -6/55      AC:  8    Str: 18    XL:     5   Next: 80%
Magic:  0/11       EV:  9    Int: 11    God:
Gold:   30         SH:  0    Dex:  9    Spells: 3 memorised, 5 levels left

rFire  . . .     SeeInvis .     a - +0 mace
rCold  . . .     Clarity  .     b - +0 robe
rNeg   . . .     SustAb   .     (shield restricted)
rPois  .         Gourm    .     (helmet restricted)
rElec  .         Spirit   +     h - +1 cloak
rCorr  .         Warding  .     (gloves unavailable)
rMut   .         Stasis   .     (boots unavailable)
MR     .....                    t - amulet of guardian spirit
Stlth  +.........               (no ring)
                                p - +3 ring of protection

@: not resistant to hostile enchantments, very unstealthy
A: unfitting armour, tough skin 1
a: no special abilities


You were in a sewer.
You were not hungry.

You visited 1 branch of the dungeon, and saw 3 of its levels.
You also visited: Sewer.

You collected 30 gold pieces.

Inventory:

Hand weapons
 a - a +0 mace (weapon)
 l - a +0 halberd
 n - a +0 short sword
Missiles
 k - 11 poisoned needles
 m - 27 stones (quivered)
Armour
 b - a +0 robe (worn)
 h - a +1 cloak (worn)
Jewellery
 p - a +3 ring of protection (left hand)
 t - an amulet of guardian spirit (around neck)
Scrolls
 e - a scroll of remove curse
 f - a scroll of identify
 u - a scroll of amnesia {unknown}
Potions
 g - a potion of might
 w - a potion of resistance {unknown}
Books
 c - a book of Battle

   Spells                             Type                      Level
   a - Infusion                       Charms                       1
   b - Shroud of Golubria             Charms/Translocation         2
   c - Song of Slaying                Charms                       2
   d - Spectral Weapon                Hexes/Charms                 3
   e - Regeneration                   Charms/Necromancy            3
Comestibles
 d - a meat ration
 i - a beef jerky
 o - 3 fruits
 r - a bread ration
 v - a chunk of flesh


   Skills:
 + Level 4.7 Fighting
 + Level 4.2 Maces & Flails
 - Level 1.0 Armour
 - Level 1.0 Dodging
 + Level 3.6 Spellcasting
 + Level 2.9 Charms


You had 5 spell levels left.
You knew the following spells:

 Your Spells              Type           Power        Failure   Level  Hunger
a - Infusion              Chrm           #.....       10%         1    #......
b - Shroud of Golubria    Chrm/Tloc      #.........   24%         2    ##.....
c - Spectral Weapon       Hex/Chrm       #.......     47%         3    ###....


Dungeon Overview and Level Annotations

Branches:
Dungeon (3/15)

Altars:
Dithmenos

Annotations:
D:2 scroll come from below


Innate Abilities, Weirdness & Mutations

You are too large for most types of armour.
You have tough skin (AC +1).


Message History

The giant frog is moderately wounded.
The giant frog hits you.
The giant frog hits you but does no damage.
You sock the giant frog!
The giant frog is severely wounded.
The giant frog hits you.
* * * LOW HITPOINT WARNING * * *
The giant frog barely misses you.
Read which item? (? for menu, Esc to quit)
Okay, then.
You closely miss the giant frog.
The giant frog is severely wounded.
The giant frog hits you.
* * * LOW HITPOINT WARNING * * *
You barely miss the giant frog.
The giant frog is severely wounded.
The giant frog hits you.
* * * LOW HITPOINT WARNING * * *
The giant frog hits you!
You die...

#.≈≈≈.≈≈≈≈≈≈≈≈########≈#
#.≈≈≈.≈≈≈≈≈≈≈≈≈## #≈#
#.≈≈≈≈≈≈≈≈≈≈≈≈≈≈# #.#
#.≈≈≈≈≈≈≈≈≈≈≈≈≈≈## #≈#
#.≈≈≈≈≈≈≈≈≈≈..≈≈≈# #.#
#.≈≈≈≈≈≈≈.≈≈≈.∩≈≈# #≈#
#.≈≈≈≈≈≈≈≈....≈≈≈## #≈#
#.≈≈≈≈≈≈≈≈≈≈.≈≈≈≈≈# #.#
### #.≈≈≈≈≈≈.≈≈@†≈≈≈≈≈#
#.# #.#
#.≈≈≈≈≈≈≈≈.$F≈≈≈≈≈# #.#
#∩# #.≈≈≈≈≈≈≈.=[}.≈≈≈≈#
#.# #.#
#.≈≈≈≈≈≈≈≈≈?.≈≈≈≈≈# #.#
#∩# #.≈≈≈.≈≈≈≈≈..≈≈≈≈≈#
#.# #.#
#.≈≈≈.≈≈≈≈≈≈.≈≈≈≈# #.#
#.# #.≈≈≈.≈≈≈≈≈≈≈≈≈≈≈
#.#
##.###.≈≈≈.≈≈≈≈≈≈≈≈≈≈
#.# #.≈.##.≈≈≈†#≈≈≈≈≈≈≈≈
#.#


You could see a giant frog.

Vanquished Creatures
  A giant frog (Sewer)
  A gnoll (D:1)
  4 adders
  3 giant mites (Sewer)
  A worm (D:3)
  2 oozes (D:1)
  7 giant cockroaches
  7 goblins
  7 hobgoblins
  2 jackals (D:1)
  7 kobolds
  5 ball pythons
  7 bats
  6 giant geckos
  5 giant newts
  2 rats
67 creatures vanquished.

Notes
Turn   | Place    | Note
--------------------------------------------------------------
     0 | D:1      | BreadTh, the Ogre Skald, began the quest for the Orb.
     0 | D:1      | Reached XP level 1. HP: 22/22 MP: 3/3
    35 | D:1      | Reached skill level 1 in Dodging
   176 | D:1      | Reached skill level 3 in Fighting
   357 | D:1      | Reached XP level 2. HP: 31/31 MP: 5/5
   378 | D:1      | Reached skill level 1 in Armour
   944 | D:1      | Reached XP level 3. HP: 31/37 MP: 6/6
  2044 | D:2      | Reached XP level 4. HP: 45/48 MP: 8/8
  2049 | D:2      | Learned a level 2 spell: Shroud of Golubria
  2053 | D:2      | Learned a level 3 spell: Spectral Weapon
  2091 | D:2      | Reached skill level 4 in Fighting
  2272 | D:2      | Found a shadowy altar of Dithmenos.
  2655 | D:3      | Found a glowing drain.
  2711 | Sewer    | Entered a sewer
  3061 | Sewer    | Reached XP level 5. HP: 54/54 MP: 11/11
  3214 | Sewer    | Noticed a giant frog
  3215 | Sewer    | Noticed a giant frog
  3223 | Sewer    | Killed a giant frog
  3231 | Sewer    | HP: 2/55 [giant frog (4)]
  3232 | Sewer    | Mangled by a giant frog

Action                   |  1- 3 |  4- 6 || total
-------------------------+-------+-------++-------
Melee: Mace              |   133 |   126 ||   259
Throw: Stone             |     1 |     2 ||     3
 Cast: Infusion          |     3 |       ||     3
       Shroud of Golubri |       |     1 ||     1
  Use: Potion            |     2 |     1 ||     3
       Scroll            |       |     5 ||     5
  Eat: Chunk             |     4 |     4 ||     8
